 Dungeon Crawl Stone Soup version 0.13.0-6-g40e4d2d (webtiles) character file.

239 Malachi the Grave Robber (level 4, -23/30 HPs)
             Began as a Vampire Necromancer on Oct 15, 2013.
             Annihilated by an orc warrior
             ... wielding a cursed -1,+1 orcish war axe
              (26 damage)
             ... on Level 3 of the Dungeon.
             The game lasted 00:06:25 (3465 turns).

Malachi the Grave Robber (Vampire Necromancer)      Turns: 3465, Time: 00:06:26

HP -23/30        AC  2     Str  7      XL: 4   Next: 58%
MP   2/9         EV 12     Int 18      God:
Gold 131         SH  0     Dex 14      Spells:  3 memorised,  2 levels left

Res.Fire  : . . .   See Invis. : +   h - +0 spear
Res.Cold  : + . .   Warding    : .   a - +0 robe
Life Prot.: + + .   Conserve   : .   (no shield)
Res.Poison: +       Res.Corr.  : .   (no helmet)
Res.Elec. : .       Clarity    : .   (no cloak)
Sust.Abil.: . .     Spirit.Shd : .   (no gloves)
Res.Mut.  : .       Stasis     : .   (no boots)
Res.Rott. : +       Flight     : .   (no amulet)
Saprovore : . . .                    (no ring)
                                     (no ring)

@: regenerating slowly, slightly resistant to hostile enchantments, stealthy
A: fangs 3, see invisible, unbreathing
a: Bat Form


You were on level 3 of the Dungeon.
You were thirsty.

You visited 1 branch of the dungeon, and saw 4 of its levels.

You collected 111 gold pieces.

Inventory:

Hand weapons
 h - a +0,+0 spear (weapon)
Missiles
 c - 17 poisoned needles (quivered)
Armour
 a - a +0 robe (worn)
Scrolls
 d - 3 scrolls of remove curse {unknown}
 g - a scroll of enchant weapon I {unknown}
 i - 3 scrolls of identify
 j - a scroll of noise {unknown}
 l - 2 scrolls of fog {unknown}
Potions
 e - a potion of poison
 f - a potion of agility
 k - a potion of cure mutation
 m - a potion of confusion {unknown}
Books
 b - a book of Necromancy

   Spells                             Type                      Level
   *Pain                              Necromancy                   1
   *Animate Skeleton                  Necromancy                   1
   Lethal Infusion                    Charms/Necromancy            2
   *Vampiric Draining                 Necromancy                   3
   Regeneration                       Charms/Necromancy            3
   Animate Dead                       Necromancy                   4
   Control Undead                     Necromancy                   4


   Skills:
 - Level 0.1 Fighting
 - Level 2.1 Dodging
 - Level 3.0 Stealth
 + Level 2.4 Spellcasting
 * Level 5.9 Necromancy


You had 2 spell levels left.
You knew the following spells:

 Your Spells              Type           Power        Failure   Level  Hunger
a - Pain                  Necr           ###.         1%          1    #......
b - Animate Skeleton      Necr           N/A          1%          1    #......
c - Vampiric Draining     Necr           ###.......   4%          3    ###....


Dungeon Overview and Level Annotations

Branches:
Dungeon (4/27)
 Temple: D:4-7

Altars:
Nemelex Xobeh

Annotations:
D:2 Sigmund


Innate Abilities, Weirdness & Mutations

You heal slowly.
You have razor-sharp teeth.*
You have supernaturally acute eyesight.
You can survive without breathing.*


Message History

Use on which item? (\ to view known items) (? for menu, Esc to quit)
e - a potion of poison Identify which item? (? for menu, Esc to quit)
k - a potion of cure mutation It was a scroll of identify.
The orc wizard barely misses you. The orc wizard closely misses you.
Okay, then.
The orc wizard hits you with an orcish dagger.
* * * LOW HITPOINT WARNING * * *
You climb upwards.
There is a stone staircase leading down here.
Things that are here:
an elven dagger; an orcish club Use which ability? (? or * to list)
You fail to use your ability.
The orc wizard hits you with an orcish dagger.
* * * LOW HITPOINT WARNING * * *
The orc warrior hits you with a glowing orcish war axe!
Ouch! That really hurt!
You die...

...... ###.#.#
....## #....#.#
..... #....#.# .#
.....
###....#.###.#
......
..?.........#
.#.###
#.###....#.##..#
......
........#.##..#
.#.###
....###oo..#.....#
.....[
.......z@....[...#
.......
........%........#
#....#
...###....#.....#
#.... ?
######....%# # ...
#.###.# #.... #.#
#.# #..... #.# #.#
#....# #.# #.#
#....## #.# #.#


You could see an orc warrior, an orc wizard and a friendly rat skeleton.

Vanquished Creatures
  An adder (D:2)
  2 giant geckos
  2 orcs (D:3)
  2 giant cockroaches
  3 goblins
  10 hobgoblins
  2 jackals (D:1)
  6 quokkas
  3 ball pythons
  10 bats
  3 giant newts (D:1)
  7 kobolds
  6 rats
57 creatures vanquished.

Vanquished Creatures (collateral kills)
  An orc priest (D:3)
  An orc (D:3)
  2 hobgoblins (D:1)
  A giant newt (D:2)
  A rat (D:2)
6 creatures vanquished.

Vanquished Creatures (others)
  2 bat skeletons
  3 giant newt skeletons (D:1)
  A goblin skeleton (D:2)
  2 hobgoblin skeletons
  A rat skeleton (D:1)
9 creatures vanquished.

Grand Total: 72 creatures vanquished

Notes
Turn   | Place    | Note
--------------------------------------------------------------
     0 | D:1      | Malachi, the Vampire Necromancer, began the quest for the Orb.
     0 | D:1      | Reached XP level 1. HP: 13/13 MP: 4/4
   350 | D:1      | Learned a level 1 spell: Animate Skeleton
   495 | D:1      | Reached XP level 2. HP: 19/19 MP: 3/5
   547 | D:1      | Reached skill level 5 in Necromancy
  1433 | D:2      | Reached XP level 3. HP: 22/24 MP: 3/6
  1716 | D:2      | Noticed Sigmund
  2163 | D:2      | Found a sparkling altar of Nemelex Xobeh.
  2878 | D:3      | Noticed an orc warrior
  2878 | D:3      | Reached XP level 4. HP: 12/30 MP: 2/9
  2933 | D:2      | Learned a level 3 spell: Vampiric Draining
  3465 | D:3      | Annihilated by an orc warrior

Action                   |  1- 3 |  4- 6 || total
-------------------------+-------+-------++-------
Melee: Unarmed           |    19 |       ||    19
       Spear             |     6 |     2 ||     8
 Cast: Pain              |    86 |    20 ||   106
       Animate Skeleton  |    13 |     2 ||    15
  Use: Potion            |       |     4 ||     4
       Scroll            |       |     2 ||     2
